 Dungeon Crawl Stone Soup version 0.30-a0-937-ga0a21ad780 (webtiles) character file.

Game seed: 18128406071167969264

23 Ghostmaker01 the Covered (level 2, -1/27 HPs)
             Began as a Minotaur Fighter on Mar 24, 2023.
             Slain by a gnoll
             ... wielding a +1 spear of venom
              (8 damage)
             ... on level 2 of the Dungeon.
             The game lasted 00:01:33 (807 turns).

Ghostmaker01 the Covered (Minotaur Fighter)          Turns: 807, Time: 00:01:33

Health: -1/27      AC:  7    Str: 20    XL:     2   Next: 72%
Magic:  1/1        EV:  9    Int:  5    God:
Gold:   96         SH:  4    Dex:  9    Spells: 1/1 levels left

rFire   . . .      SeeInvis .    a - +0 war axe
rCold   . . .      Faith    .    c - +0 buckler
rNeg    . . .      Spirit   .    b - +0 scale mail
rPois   .          Reflect  .    (helmet restricted)
rElec   .          Rampage  .    (no cloak)
rCorr   .                        (no gloves)
Will    .....                    (no boots) Stlth
                                 (no amulet)
HPRegen 0.24/turn                (no ring)
MPRegen 0.07/turn                (no ring)

@: lethally poisoned (-1 -> -7)
A: horns 2, retaliatory headbutt
a: no special abilities


You were on level 2 of the Dungeon.
You visited 1 branch of the dungeon, and saw 2 of its levels.

You collected 96 gold pieces.

Inventory:

Hand Weapons
 a - a +0 war axe (weapon)
Armour
 b - a +0 scale mail (worn)
 c - a +0 buckler (worn)
Scrolls
 e - a scroll of amnesia {unknown}
 i - a scroll of magic mapping {unknown}
 j - 2 scrolls of identify {unknown}
 l - a scroll of fear {unknown}
Potions
 d - a potion of might
 f - a potion of mutation {unknown}
 g - a potion of resistance {unknown}
 h - a potion of haste {unknown}
 k - a potion of cancellation {unknown}
 m - a potion of heal wounds {unknown}


   Skills:
 + Level 4.0 Fighting
 + Level 2.7 Axes
 + Level 4.2 Armour
 + Level 3.9 Shields


You had one spell level left.
You didn't know any spells.
Your spell library contained the following spells:

 Spells                   Type           Power      Damage    Failure   Level
 Call Canine Familiar     Summ           0%         N/A       99%         3
 Portal Projectile        Hex/Tloc       0%         N/A       99%         3
 Leda's Liquefaction      Hex/Erth       0%         N/A       100%        4


Dungeon Overview and Level Annotations

Branches:
Dungeon (2/15)

Altars:


Innate Abilities, Weirdness & Mutations

You have a pair of horns on your head.
You reflexively headbutt those who attack you in melee.


Message History

You are frozen.
You block the gnoll's attack.
A gnoll comes into view. It is wielding a +0 spear.
The endoplasm freezes you.
You are frozen.
The gnoll shouts!
You hit the endoplasm but do no damage.
The endoplasm is heavily wounded.
The gnoll barely misses you. You block the endoplasm's attack.
You slash the endoplasm!
You kill the endoplasm!
You hit the gnoll but do no damage.
The gnoll hits you from afar with a +1 spear of venom.
You are poisoned.
The gnoll barely misses you.
The gnoll hits you from afar with a +1 spear of venom.
You are more poisoned.
The gnoll barely misses you.
Your Fighting skill increases to level 4!
You hit the gnoll. You headbutt the gnoll!
The gnoll is almost dead.
You feel very sick. The gnoll hits you but does no damage.
The gnoll barely misses you.
You are too injured to fight recklessly!
You are too injured to fight recklessly!
You are too injured to fight recklessly!
You are too injured to fight recklessly!
You are too injured to fight recklessly!
You are too injured to fight recklessly!
You are too injured to fight recklessly!
You are too injured to fight recklessly!
You are too injured to fight recklessly!
You are too injured to fight recklessly!
You are too injured to fight recklessly!
You are too injured to fight recklessly!
You are too injured to fight recklessly!
You feel very sick.
* * * LOW HITPOINT WARNING * * *
You feel sick. The gnoll barely misses you.
The gnoll hits you from afar with a +1 spear of venom!
You die...

#.#.#.#########...######
.#...#...................
...#....#................
#..#......).............
#..#.....######...######
#......#.# #...#
.##.#.#.#.# #...#
........#.######...#
.##....g@..[.......#####.
####..##.#####.........
#gg# .# #...####.. .....
.# ####.#### . #.......
>. #.......#.. ..........
#.#.##..#....
####.......##...##....#.#
#.......##...........#
#.......##.###.#######


You could see 3 gnolls.

Vanquished Creatures
  A worm (D:2)
  A dart slug (D:1)
  A ball python (D:1)
  3 bats (D:1)
  An endoplasm (D:2)
  2 goblins (D:1)
  2 hobgoblins (D:1)
  A kobold (D:1)
  A quokka (D:1)
  2 rats (D:1)
15 creatures vanquished.

Notes
Turn   | Place    | Note
-------+----------+-------------------------------------------
     0 | D:1      | Ghostmaker01 the Minotaur Fighter began the quest for the
                  | Orb.
     0 | D:1      | Reached XP level 1. HP: 19/19 MP: 0/0
   407 | D:1      | Reached XP level 2. HP: 23/27 MP: 1/1
   807 | D:2      | Slain by a gnoll

Illustrated notes

Levels and vault maps discovered:
D:1:      tekkud_arrival_beachfront_property, layout_loops_cross
D:2:      layout_loops_cross

Skill      XL: |  1  2 |
---------------+-------+-----
Armour         | 4 |  4.2
Fighting       | 4 |  4.0
Axes           | |  2.7
Shields        | |  3.9

Action                     || total
---------------------------++-------
  Melee: War axe           ||    36
         Headbutt          ||     2
 Armour: Scale mail        ||    18
  Dodge: Dodged            ||    20
  Block: Buckler           ||    10

Table legend: (Time is in decaauts)
 A = Elapsed time spent in this place.
 B = Non-inter-level travel time spent in this place.
 C = Inter-level travel time spent in this place.
 D = Time resting spent in this place.
 E = Time spent auto-exploring this place.
 F = Levels seen in this place.
 G = Mean time per level.
                   A        B        C        D        E       F      G
               +--------+--------+--------+--------+--------+-----+--------+
         Total |    844 |    836 |      8 |      0 |    552 |   2 |  422.0 |
       Dungeon |    844 |    836 |      8 |      0 |    552 |   2 |  422.0 |
               +--------+--------+--------+--------+--------+-----+--------+

Top non-repeatable levels by time:
     D:1: 789 daAuts
     D:2: 55 daAuts
